[Event "87th Spanish Championship 2022"]
[Site "Linares"]
[Date "2022.08.16"]
[Round "7.16"]
[White "Jimenez Bernal, Francisco"]
[Black "Moreno Tejera, Emilio"]
[Result "0-1"]
[ECO "A96"]
[WhiteElo "2149"]
[BlackElo "2420"]
[Annotator "TA"]
[PlyCount "118"]
[EventDate "2022.08.11"]
[EventType "swiss"]
[EventCountry "ESP"]
[SourceTitle "playchess.com"]
[Source "ChessBase"]
[SourceQuality "1"]
[TimeControl "5400+30"]

1. d4 f5 2. g3 Nf6 3. Bg2 e6 4. Nf3 Be7 5. O-O O-O 6. c4 d6 7. Nc3 Ne4 8. Qc2 Nxc3 9. Qxc3 Bf6 10. b4 {[%emt 0:02:58] A96: Classical Dutch: Fluid Systems: Early deviations.} a5 11. a3 (11. bxa5 Nc6 $11) ({Better is} 11. b5 $14) 11... Nd7 12. Bb2 {[%emt 0:05:34] [#] White is slightly better.} (12. c5 {looks sharper.} e5 13. cxd6 cxd6 14. dxe5 dxe5 15. e4) 12... Nb6 $146 ({Predecessor:} 12... c5 13. Qb3 Qc7 14. dxc5 dxc5 15. Bxf6 Rxf6 16. b5 e5 17. e4 b6 18. exf5 Bb7 {1-0 (32) Zabron,M (1804)-Betkowski,A (2038) Lazy 2019}) 13. Qc2 {[%emt 0:01:18] Prevents Na4.} (13. bxa5 Na4 14. Qb3 Nxb2 $15) 13... Bd7 14. Nd2 Na4 15. b5 ({Reject} 15. Bxb7 Rb8 16. Bg2 axb4 17. axb4 Nxb2 18. Qxb2 c5 $15) 15... Nxb2 16. Qxb2 c5 17. e3 cxd4 18. exd4 Qb6 19. Nf3 Rac8 20. Rfc1 Qd8 21. Nd2 Qb6 22. Nf3 Kh8 23. Rab1 Qd8 24. Nd2 b6 25. f4 {[%emt 0:00:24] Prevents e5.} g5 26. Nf3 gxf4 27. gxf4 Rg8 28. Kh1 Qe7 (28... Rc7 $5 29. Qf2 Qe7 $15) 29. Qd2 a4 30. Qe3 Qg7 31. Bh3 Qh6 32. Nd2 (32. Bg2 $1 $11 {keeps the balance.}) 32... e5 {[%emt 0:03:11] Black is more active.} 33. dxe5 Bxe5 34. Rf1 $15 Rce8 $40 {[%emt 0:00:11][%mdl 128] White needs to defend precisely.} 35. Bg2 $2 {[%emt 0:04:36][%mdl 8192] This move loses the game for White.} (35. Rf3 $11 Bf6 36. Qxb6) 35... Rg4 $19 36. Nf3 Bxf4 {[%emt 0:01:37] Chess con chili.} 37. Qd4+ {[%emt 0:00:39] [#]} Rg7 $1 38. Qxb6 Be3 ({Stronger than} 38... Qg6 39. Rb2 $17) 39. Qa5 Qg6 40. Rb2 {[%emt 0:01:46] [#]} Qf6 $1 41. Rc2 (41. Re2) 41... Reg8 {[%emt 0:00:34] ...f4 is the strong threat.} 42. Qc3 Qxc3 43. Rxc3 f4 ({Not} 43... Rxg2 44. Rxe3 f4 45. Ree1 $15 (45. Re7 Bh3 $17)) 44. Rc2 Bf5 45. Rb2 Bd3 46. Rd1 Bxc4 47. Nh4 Bb3 {[%emt 0:01:24] A strong pair of Bishops.} 48. Rxd6 Bc1 49. Rf2 Rg4 50. b6 Rxh4 51. b7 Bxa3 52. Rc6 (52. Rb6 $142 Rb8 53. Ra6) 52... Rhg4 53. Rc8 Bd6 {[%emt 0:00:19] Hoping for ...a3.} 54. Rd2 Bb8 55. h3 Rg3 {[%emt 0:00:36] ( -> ...a3)} 56. Kh2 Be6 {[%emt 0:00:39] Black mates.} 57. Rdd8 Rxg2+ 58. Kh1 Rxd8 59. Rxd8+ Rg8 {[%emt 0:00:05] Weighted Error Value: White=0.61/Black=0.13 (very precise)} 0-1

[Event "87th Spanish Championship 2022"]
[Site "Linares"]
[Date "2022.08.16"]
[Round "7.17"]
[White "Asis Gargatagli, Hipolito"]
[Black "Massanet Massanet, Sebastian"]
[Result "1-0"]
[ECO "C05"]
[WhiteElo "2514"]
[BlackElo "2232"]
[Annotator "TA"]
[PlyCount "79"]
[EventDate "2022.08.11"]
[EventType "swiss"]
[EventCountry "ESP"]
[SourceTitle "playchess.com"]
[Source "ChessBase"]
[SourceQuality "1"]
[TimeControl "5400+30"]

1. e4 e6 2. d4 d5 3. Nd2 Nf6 4. e5 Nfd7 5. Ngf3 c5 6. c3 Nc6 7. Bd3 Be7 8. O-O a5 9. a4 $1 {[%emt 0:00:33][%mdl 4] is more profitable than 9.Re1 at the moment. C06: French Tarrasch: 3...Nf6 4 e5 Nfd7 5 Bd3 main lines.} cxd4 10. cxd4 Nb4 11. Bb1 {[%emt 0:02:30] White has an edge.} b6 12. Re1 Ba6 13. Nf1 {[%emt 0:03:47][%cal Bd2f1,Bf1g3,Bg3e2,Be2f4][%mdl 32] [#]} h5 $146 ({Predecessor:} 13... Rc8 14. Ra3 b5 15. h4 h6 16. Ng3 bxa4 17. Nh2 Qb6 18. Rf3 h5 19. Be3 g6 {1-0 (44) Guseinov,G (2645)-Swayams,M (2440) Porticcio 2017}) 14. Ng3 h4 (14... Rc8 $11) 15. Ne2 $14 b5 (15... h3 $11) 16. Nf4 (16. Nc3 bxa4 17. h3 (17. Qxa4 h3 $11) 17... Kf8 $11) 16... Nb6 (16... bxa4 $14 17. Nxe6 (17. Rxa4 g5 $15) 17... fxe6 18. Bg6+ Kf8) 17. axb5 $16 Bxb5 18. Nh3 {[%emt 0:03:38] Against g5} Rh5 {[%emt 0:08:17] Inhibits Nfg5.} 19. Ra3 (19. Nd2 $16 g6 20. Nb3) 19... Nc4 (19... g6 $14) 20. Rc3 Nc6 21. Nd2 $1 g6 (21... Rh8 $16) 22. Nxc4 (22. Nf4 $18 {is the precise move to win.}) 22... Bxc4 $2 (22... dxc4 $16 23. Nf4 Qxd4) 23. Nf4 $18 Rh8 {[%emt 0:01:59] [#]} 24. Rxc4 dxc4 $16 25. d5 {[%emt 0:00:31] aiming for Qg4.} Nb4 $2 (25... exd5 $2 26. e6 g5 27. exf7+ Kxf7 28. Ne6 $18) (25... g5) 26. Be4 $2 ({Inferior is} 26. dxe6 Qxd1 27. exf7+ (27. Rxd1 g5 $15) 27... Kxf7 28. Bxg6+ (28. Rxd1 g5 $17) 28... Kg7 29. Rxd1 Rad8 $11) (26. d6 $18 Bg5 27. Nxe6 $1 fxe6 28. Bxg6+ Kd7 29. Be4) 26... exd5 $11 27. Nxd5 {[%emt 0:00:07] Threatens to win with Qa4+.} Ra6 28. Qf3 {[%emt 0:02:19][%mdl 1024] Threatening Rd1. White has compensation.} Kf8 {[%emt 0:10:28] [#]} (28... Rh5 $11) 29. Nf4 $1 $16 {[%emt 0:02:00] Strongly threatening e6. White is more active.} Kg7 {[%emt 0:00:52] [#]} (29... g5 $16 30. Rd1 (30. Ng6+ Rxg6 31. Bxg6 Qd5 $16) 30... Qe8 31. Ng6+ Rxg6 32. Bxg6 Rh6) 30. e6 $1 $40 {[%emt 0:00:21][%mdl 128] White wants a kill.} Nd3 $2 {[%emt 0:03:23] [#]} (30... Rxe6 $18 31. Nxe6+ fxe6) 31. Nh5+ $1 {[%emt 0:02:15][%mdl 512] White mates.} Rxh5 32. Qxf7+ Kh8 33. Qxg6 Rxe6 34. Qxh5+ Kg7 35. Qh7+ Kf8 36. Qf5+ Rf6 37. Bh6+ $1 {[%emt 0:00:09] A strong pair of Bishops.} Ke8 38. Qh5+ Kd7 39. Qb5+ Kc7 40. Qb7+ {[%emt 0:00:09] Weighted Error Value: White=0.32/Black=0.48} 1-0

[Event "87th Spanish Championship 2022"]
[Site "Linares"]
[Date "2022.08.16"]
[Round "7.18"]
[White "Medarde Santiago, Luis Marcos"]
[Black "Hernandez Estevez, Yudania"]
[Result "1-0"]
[ECO "B12"]
[WhiteElo "2330"]
[BlackElo "2193"]
[Annotator "TA"]
[PlyCount "121"]
[EventDate "2022.08.11"]
[EventType "swiss"]
[EventCountry "ESP"]
[SourceTitle "playchess.com"]
[Source "ChessBase"]
[SourceQuality "1"]
[TimeControl "5400+30"]

1. e4 c6 2. d4 d5 3. f3 g6 4. Nc3 Bg7 5. Be3 e6 6. Qd2 b6 {[%emt 0:05:03] B15: Caro-Kann: 3 Nc3: 3...g6 and 3...dxe4 4 Nxe4 Nf6 5 Nxf6+ exf6.} 7. O-O-O Ba6 8. Nge2 Nd7 {[%emt 0:01:30] White is better.} 9. g4 {[%emt 0:02:28] [#]} Rc8 $146 ({Predecessor:} 9... Ne7 10. Bg2 b5 11. Ng3 Qa5 12. Kb1 b4 13. Nce2 Bxe2 14. Nxe2 Qb5 15. Nc1 h5 {1-0 (28) Pancevski,F (2422)-Martinovic,S (2452) Paracin 2009}) 10. h4 h6 11. Bh3 (11. Kb1 $18) 11... Bxe2 ({Black should try} 11... b5) 12. Qxe2 $16 Ne7 (12... b5 $16 {was worth a try.}) 13. f4 $18 dxe4 (13... b5 $16 {was called for.}) 14. Nxe4 Nf6 15. Nxf6+ Bxf6 16. f5 $1 exf5 17. gxf5 gxf5 (17... g5 $16) 18. Bf4 (18. Rhf1 $18) 18... Qd5 $16 19. c4 (19. Kb1 $16) 19... Qa5 $2 (19... Qe6 $14 20. Qd3 b5) 20. Kb1 $18 Rd8 21. d5 cxd5 22. Be5 Bxe5 23. Qxe5 Rg8 24. Rhe1 Qc5 25. cxd5 {[%emt 0:01:31] Threatens to win with d6.} ({Stronger than} 25. Bxf5 d4 $11) 25... Qd6 26. Qxf5 $1 Kf8 27. Qf1 Qg6+ 28. Ka1 Rxd5 29. Rc1 (29. Qe2 $16 Rxd1+ 30. Qxd1) 29... Rc5 (29... f5 $1 $14) 30. Rxc5 $16 bxc5 31. Qf4 (31. Qb5 $6 Qg3 32. Qa5 Kg7 33. Rxe7 Qxh3 $11) (31. a3 $1 $16) 31... Qg3 (31... Nc6 $1 $11 32. Rf1 (32. Qe3 $2 Nd4 $19) 32... Nd4) 32. Qxh6+ Rg7 {[%emt 0:00:21] [#]} (32... Ke8 $16 33. Qc6+ Kf8) 33. Rd1 $1 $40 {[%emt 0:03:18][%cal Rd1d8][%mdl 128] White attacks with force.} Ng6 {[%emt 0:03:46] [#]} 34. Qd2 Kg8 35. Qd8+ Nf8 36. Bf5 Qf2 37. Bb1 {[%emt 0:03:35] 0x0.00144e9ae31adp-1022s more active pieces.} Rg1 (37... Rg2 $16 {is a better defense.} 38. Qb8 Qxh4) 38. Rxg1+ Qxg1 {[%emt 0:00:07][%mdl 4096] Endgame [#] KQB-KQN} 39. h5 $1 Qd4 (39... Qg7 $142 40. Qd5 Qg1) 40. Qg5+ Kh8 41. Qh6+ (41. Qe7 $142 Kg8 42. Qxa7) 41... Kg8 42. Qg5+ (42. Qc6 $16) 42... Kh8 $1 {[%emt 0:00:26] White stays focused until the end.} 43. Qe7 Kg8 44. Qxa7 Kg7 (44... Qd5 {might work better.} 45. h6 Qc6) 45. h6+ Kxh6 46. Qxf7 Qd6 47. a3 Nd7 48. Qh7+ Kg5 49. Qf5+ Kh6 50. a4 Ne5 51. Bc2 {[%emt 0:01:45] Hoping for Qf4+.} Qd4 $2 (51... Kg7 52. a5 Nc6 53. Qh7+ (53. a6 Nb4 $16) 53... Kf8) 52. Qf6+ Kh5 53. Ka2 c4 $2 {[%emt 0:01:17] [#]} (53... Kg4 54. a5 Qd5+ 55. Ka1 c4 56. Qf5+ Kg3 57. Qg5+ Kf2) 54. Bd1+ $1 Qxd1 55. Qxe5+ {[%emt 0:00:03] KQ-KQ} Kg6 56. Qe6+ Kg5 57. Qxc4 {[%emt 0:00:11] a5 is the strong threat.} Kf6 58. a5 Ke7 59. a6 {[%emt 0:00:15] White mates.} Qe1 60. Qc7+ Kf6 61. Qc3+ {[%emt 0:00:23] Weighted Error Value: White=0.30/Black=0.53} 1-0

[Event "87th Spanish Championship 2022"]
[Site "Linares"]
[Date "2022.08.16"]
[Round "7.19"]
[White "Macias Pino, Diego"]
[Black "Jimenez Fernandez, Rebeca"]
[Result "1-0"]
[ECO "B76"]
[WhiteElo "2355"]
[BlackElo "1908"]
[Annotator "TA"]
[PlyCount "77"]
[EventDate "2022.08.11"]
[EventType "swiss"]
[EventCountry "ESP"]
[SourceTitle "playchess.com"]
[Source "ChessBase"]
[SourceQuality "1"]
[TimeControl "5400+30"]

1. e4 c5 2. Nf3 d6 3. d4 cxd4 4. Nxd4 Nf6 5. Nc3 g6 6. Be3 Bg7 7. f3 O-O 8. Qd2 Nc6 9. O-O-O d5 10. exd5 Nxd5 11. Nxc6 bxc6 12. Bd4 Bxd4 13. Qxd4 Qc7 {[%emt 0:01:25] B76: Sicilian Dragon: Yugoslav Attack, 9 g4 and 9 0-0-0.} 14. Bc4 ({Don't play} 14. Nxd5 cxd5 15. Kb1 Bb7 $11) 14... Nb6 {[%emt 0:13:09] [#]} 15. g3 $146 (15. Bd3 $5 ) ({Predecessor:} 15. Kb1 Nxc4 16. Qxc4 Be6 17. Qc5 Rfd8 18. b3 Rxd1+ 19. Rxd1 Qxh2 20. Rd2 Qc7 21. g4 {1-0 (72) Sjugirov,S (2626)-Shinkevich,V (2520) Belgorod 2010}) 15... Nxc4 {[%emt 0:01:18] The position is equal.} (15... c5 {feels hotter.} 16. Nd5 Nxd5 17. Qxd5 Be6) 16. Qxc4 Be6 {[%emt 0:01:07] Against Nd5} 17. Qc5 Qb6 18. Na4 Qa6 19. b3 Rfe8 20. Rhe1 Rab8 21. c4 {[%emt 0:05:40] Inhibits Rb5.} Rb7 (21... Qb7 $16 {was called for.}) 22. Re2 Rc7 23. Red2 Qc8 {[%emt 0:00:24] Against Rd8} 24. g4 f6 25. h4 {[%emt 0:00:40] White is much more active. The black rooks are badly placed.} Bd5 (25... Bf7 $16 26. Qe3 c5) 26. Qe3 $18 ({Wrong is} 26. cxd5 $2 cxd5 27. Rxd5 Rxc5+ 28. Rxc5 Qb8 $19) 26... Bf7 27. Nc5 Kg7 (27... a5 {is a better defense.} 28. Kb2 Qb8) 28. Kb2 a5 29. Rd7 Rxd7 30. Rxd7 (30. Nxd7 Qc7 $16) 30... a4 (30... Kf8 $142 31. g5 Qb8) 31. Rxe7 Rxe7 (31... Kf8 $142) 32. Qxe7 axb3 33. axb3 {[%emt 0:00:12][%mdl 4096] [#] Endgame And now Nd7 would win. KQB-KQN} h5 $2 (33... Qe8 {keeps fighting.} 34. Qxe8 (34. Ne6+ Kg8 $18) 34... Bxe8) 34. Ne4 hxg4 (34... Qe6 $142 35. Qxe6 Bxe6 36. gxh5 gxh5) 35. Qxf6+ Kg8 36. Nd6 Qe6 37. Qxf7+ Qxf7 38. Nxf7 g3 39. Ng5 {[%emt 0:00:02] Weighted Error Value: White=0.26 (precise) /Black=0.62} 1-0

[Event "87th Spanish Championship 2022"]
[Site "Linares"]
[Date "2022.08.16"]
[Round "7.20"]
[White "Lin, Yingrui"]
[Black "Domingo Nunez, Alejandro"]
[Result "1-0"]
[ECO "A10"]
[WhiteElo "2314"]
[BlackElo "2335"]
[Annotator "TA"]
[PlyCount "123"]
[EventDate "2022.08.11"]
[EventType "swiss"]
[EventCountry "ESP"]
[SourceTitle "playchess.com"]
[Source "ChessBase"]
[SourceQuality "1"]
[TimeControl "5400+30"]

1. c4 b6 2. Nc3 Bb7 3. Nf3 Nf6 4. g3 g6 5. Bg2 Bg7 6. O-O O-O 7. Rb1 c5 8. a3 d5 9. cxd5 Nxd5 10. Nxd5 Qxd5 11. d3 Nc6 12. Ng5 {A38: Symmetrical English vs ...g6: 4 Bg2 Bg7 5 Nf3 Nf6.} Qd7 13. Qa4 (13. b4 {is interesting.} cxb4 14. axb4 Nd4 15. Bxb7 Qxb7 16. Bb2) 13... h6 14. Nf3 {[%cal Bg5f3,Bf3d2,Bd2e4][%mdl 32] [#] Black is slightly better.} Ne5 $146 ({Predecessor:} 14... Rfd8 15. Qh4 Nd4 16. Nxd4 Bxg2 17. Kxg2 g5 18. Qh5 cxd4 19. f4 Qd5+ 20. Kg1 gxf4 21. Qxd5 Rxd5 22. Bxf4 {½-½ (41) Bukal,V-Orel,O (2215) Skender Vakuf (Knezevo) 1980}) 15. Qxd7 Nxd7 16. Bd2 Rac8 17. Rfc1 Rfd8 18. Bc3 Nf6 19. Nd2 Bxg2 20. Kxg2 Bf8 21. Bxf6 exf6 22. Rc2 Re8 23. Ne4 Rc6 24. g4 Kg7 25. Rbc1 Rce6 26. f4 f5 27. gxf5 gxf5 28. Ng3 Kh7 29. Re1 (29. Kf3 {looks sharper.} Re3+ 30. Kf2 Bd6 31. Ne4) 29... Re3 (29... Rd8 $14) 30. Kf2 $16 ({Of course not} 30. Nxf5 $6 Rxd3 31. exd3 Rxe1 $11) 30... Bg7 31. Nxf5 Rh3 32. Rg1 Bf6 (32... Rxh2+ $142 33. Kg3 Rh5) 33. Kg2 $1 Rg8+ 34. Ng3 Rh5 35. Kh1 (35. b4 $18) 35... Bd4 $11 36. Rg2 Rh4 37. e3 $36 {[%mdl 2048] White has the initiative.} Bxe3 38. Nf5 $1 Rxg2 $1 39. Rxg2 {[%mdl 4096] Endgame KRB-KRN} Rh3 40. Rg7+ Kh8 41. Kg2 Rh5 42. Rxf7 Bxf4 {[%mdl 8192] [#]} ({Black should try} 42... Kg8 $1 $14) 43. Rf8+ $1 $18 Kh7 44. h4 {aiming for Kh3.} Be5 {[#]} 45. Kh3 $2 (45. Kf3 $1 $18 {[%cal Rf3g4] is the precise move to win. And now Kg4 would win.} Kg6 46. Kg4 Rxf5 47. Rxf5 Bxb2 48. a4) 45... Kg6 $2 (45... Bxb2 $2 46. Kg4 Kg6 47. Ne7+ Kg7 48. Rg8+ Kf7 49. Kxh5 $18) (45... Bg7 $16 46. Rf7 Rxf5 47. Rxf5 Kg6) 46. Kg4 {Hoping for Ne7+.} Bf6 {[#] Prevents Ne7+.} (46... Bxb2 $2 47. Ne7+ Kg7 48. Rg8+ Kf7 49. Kxh5 $18) (46... Rxf5 $18 47. Rxf5 Bxb2 48. h5+ Kg7) 47. Rxf6+ $1 Kxf6 48. Kxh5 Kxf5 49. Kxh6 {KP-KP} Kf6 50. a4 {White threatens Kh7 and mate.} a6 51. h5 {White mates.} b5 52. axb5 axb5 {K3P-KPP} 53. b3 b4 54. Kh7 Ke5 55. Kg6 Kd4 56. h6 Kxd3 {KPP-KPP} 57. h7 Kc3 58. h8=Q+ Kxb3 59. Qa1 c4 60. Kf5 c3 61. Ke4 c2 62. Kd3 {Weighted Error Value: White=0.13 (very precise) /Black=0.51} 1-0

[Event "87th Spanish Championship 2022"]
[Site "Linares"]
[Date "2022.08.16"]
[Round "7.21"]
[White "Cesar Maestre, Bernardo"]
[Black "Alvarez Fernandez, Enrique"]
[Result "0-1"]
[ECO "B41"]
[WhiteElo "2343"]
[BlackElo "2329"]
[Annotator "TA"]
[PlyCount "95"]
[EventDate "2022.08.11"]
[EventType "swiss"]
[EventCountry "ESP"]
[SourceTitle "playchess.com"]
[Source "ChessBase"]
[SourceQuality "1"]
[TimeControl "5400+30"]

1. e4 c5 2. Nf3 e6 3. d4 cxd4 4. Nxd4 a6 5. c4 Nf6 6. Nc3 Bb4 7. Qd3 {[%emt 0:00:07] seems to push 7.Bd3 aside. B41: Sicilian: Kan Variation: 5 c4.} Nc6 8. Nxc6 dxc6 9. Qxd8+ {[%emt 0:00:59] White is slightly better. 9.e5 is vanishing.} Kxd8 10. Bd2 (10. e5 $14 Ne4 11. a3 Bxc3+ 12. bxc3) 10... e5 $11 11. Bd3 {[%emt 0:01:34] [#]} Ke7 $146 ({Predecessor:} 11... Be6 12. a3 Be7 13. b4 a5 14. b5 Nd7 15. Na4 cxb5 16. cxb5 Bb3 17. Nc3 Nc5 {0-1 (44) Dauletova,G (2285)-Ambartsumova,K (2382) Chess.com INT 2021}) 12. Ke2 Rd8 13. f3 Bc5 14. Na4 Nd7 15. Ba5 Re8 16. Rac1 b6 (16... Bd4 $11 {keeps the balance.}) 17. Nxc5 $16 bxa5 {[%emt 0:10:30] [#]} 18. Na4 c5 {[%emt 0:05:29] [#]} 19. Bc2 (19. Rc3 $1 $16) 19... Rb8 20. Bb3 Bb7 21. Rhd1 Bc6 22. Nc3 Rb4 23. Nd5+ Bxd5 24. Rxd5 ({Much weaker is} 24. exd5 a4 25. Bc2 (25. d6+ Kf6 $17) 25... Rxb2 $17) (24. cxd5 $11 a4 25. d6+ Kf6 26. Bc4) 24... Reb8 25. Rc2 (25. Rcd1 $15 R8b7 26. R1d2) 25... R8b7 $2 ({Black should try} 25... a4 $19 26. Rcd2 Nb6 27. Rxe5+ Kf8) 26. Rcd2 $15 f6 27. g3 Rc7 (27... a4 $15 28. Bc2 Rxc4) 28. f4 (28. Bd1 $11) 28... a4 29. Bc2 ({Better is} 29. Bd1) 29... Rxc4 (29... exf4 $142 30. b3 (30. gxf4 $2 Nb6 $17) 30... fxg3 31. hxg3 Ne5) 30. Bd3 Rb4 31. a3 Rd4 32. Rxd4 (32. Kd1 $17 {is a better defense.}) 32... cxd4 $19 33. Bxa6 $17 {[%emt 0:00:05][%mdl 4096] Endgame KRB-KRN} Nc5 34. Bd3 Rb7 35. Rc2 (35. Bb1 $142) 35... Kd6 $19 36. Bc4 Nxe4 37. Bd3 (37. Kd1 $142) 37... Nc5 {[%emt 0:00:12] Black is clearly winning.} 38. Bxh7 g5 ({Not} 38... e4 $2 39. Rd2 Nb3 40. Rd1 $19) 39. Bg6 gxf4 {[%emt 0:02:00] White must now prevent ...e4.} 40. gxf4 e4 {[%emt 0:00:27] Strongly threatening ...d3+.} 41. Rd2 Kd5 42. Bf5 Rb3 {[%emt 0:01:59] Threatens to win with ...e3.} 43. Bh7 Re3+ 44. Kd1 d3 45. Rg2 Rh3 46. Bf5 Rh4 47. Rg8 Kd4 48. Rd8+ {[%emt 0:00:34] Weighted Error Value: White=0.81/Black=0.40} 0-1

[Event "87th Spanish Championship 2022"]
[Site "Linares"]
[Date "2022.08.16"]
[Round "7.22"]
[White "De La Cruz Revilla, Miguel"]
[Black "Alshameary Puente, Ismael"]
[Result "0-1"]
[ECO "B50"]
[WhiteElo "2213"]
[BlackElo "2352"]
[Annotator "TA"]
[PlyCount "78"]
[EventDate "2022.08.11"]
[EventType "swiss"]
[EventCountry "ESP"]
[SourceTitle "playchess.com"]
[Source "ChessBase"]
[SourceQuality "1"]
[TimeControl "5400+30"]

1. e4 c5 2. Nf3 d6 3. c3 Nf6 4. d3 g6 5. g3 Bg7 6. Bg2 O-O 7. O-O Nc6 8. Re1 e5 9. Na3 {[%emt 0:01:40] 9.a4 is becoming the main line.} h6 {[%emt 0:03:36] A05: Réti Opening: 1 Nf3 Nf6.} 10. Nc2 Re8 11. Ne3 Be6 {[%emt 0:12:15] The position is equal.} 12. a3 d5 13. exd5 Nxd5 14. Nxd5 Bxd5 15. Be3 b6 {[%emt 0:14:09] [#]} 16. c4 $146 ({Predecessor:} 16. Qd2 Na5 17. Rad1 Qf6 18. Qe2 Bb3 19. Rc1 Rad8 20. Nd2 Bd5 21. Ne4 Qe7 22. b4 {1-0 (54) Kaminski,M (2450)-Lagunow,A (2420) Germany 1993}) 16... Be6 17. Ng5 Bd7 18. Ne4 a5 {[%emt 0:08:05] Prevents b4.} 19. Nc3 Rc8 20. Nd5 Be6 21. Rb1 Ne7 22. Nc3 Bf5 23. Nd5 Nxd5 24. Bxd5 Be6 25. Bxe6 Rxe6 26. b4 Rd6 27. bxc5 (27. bxa5 {looks sharper.} Rxd3 28. Qf3 bxa5 29. Rb7) 27... Rxd3 28. cxb6 $2 Rxd1 $19 29. Rexd1 Qe7 30. Rd5 (30. Rb5 $142) 30... Qxa3 $2 (30... Qb7 $19 {aiming for ...h5.} 31. Rbd1 Bf8) 31. b7 Rb8 {[%emt 0:00:01] White must now prevent ...Bf8.} 32. c5 Qa4 33. Rd6 $2 (33. Rb6 $11 Qa1+ 34. Kg2) 33... Bf8 ({Don't blunder} 33... Qe4 $2 34. Rdb6 Bf6 35. c6 $19) 34. Rdb6 {[%emt 0:00:12] [#]} Qe4 ({Better is} 34... h5 $1 $19 {[%cal Rh5h4] And now ...h4 would win.} 35. h3 h4) 35. c6 $11 {[%emt 0:00:34] Strongly threatening c7.} Bd6 {[%emt 0:00:08] Threatens to win with ...Bc7.} 36. Rd1 $2 (36. Rc1 $11 {and White stays safe.}) 36... Bc7 $19 37. Ra6 Kg7 38. Ba7 $2 {[%emt 0:00:52] [#]} (38. Rc1 Qb4 39. Ra8) 38... Rxb7 $1 39. cxb7 Qxb7 {[%emt 0:00:01] Weighted Error Value: White=0.75/Black=0.50} 0-1

[Event "87th Spanish Championship 2022"]
[Site "Linares"]
[Date "2022.08.16"]
[Round "7.23"]
[White "Fernandez Lopez, Ruben"]
[Black "Gomez Carreno, Martin"]
[Result "1-0"]
[ECO "C78"]
[WhiteElo "2324"]
[BlackElo "2155"]
[Annotator "TA"]
[PlyCount "133"]
[EventDate "2022.08.11"]
[EventType "swiss"]
[EventCountry "ESP"]
[SourceTitle "playchess.com"]
[Source "ChessBase"]
[SourceQuality "1"]
[TimeControl "5400+30"]

1. e4 e5 2. Nf3 Nc6 3. Bb5 a6 4. Ba4 Nf6 5. O-O Bc5 6. c3 b5 7. Bb3 d6 8. a4 Bg4 9. h3 {[%emt 0:00:06] 9.axb5 is not played anymore.} Bxf3 {[%emt 0:00:05] C78: Ruy Lopez: Archangelsk and Möller Defences.} 10. Qxf3 Na5 11. Bc2 b4 {[%emt 0:00:06] White is slightly better.} 12. d3 Rb8 13. Qe2 O-O 14. Nd2 {[%emt 0:00:15] [#]} Qd7 $146 ({Predecessor:} 14... Ba7 15. d4 exd4 16. Qxa6 dxc3 17. bxc3 bxc3 18. Qxa5 cxd2 19. Bxd2 Bd4 20. Rab1 Ra8 {½-½ (30) Areshchenko,A (2677)-Vishnu,P (2514) Al Ain 2015}) 15. Nf3 bxc3 16. bxc3 Ba7 17. d4 exd4 (17... Qc6 $14) 18. cxd4 Nc6 $1 19. Be3 Nb4 20. Bb1 d5 21. e5 $36 {[%emt 0:01:48][%mdl 2048] White has good play.} Ne4 22. Rc1 f5 23. exf6 $1 Nxf6 24. Ne5 Qd6 25. Nd3 Nc6 26. Nc5 Bxc5 ({Better is} 26... a5) 27. Rxc5 Rfe8 {[%emt 0:00:30] Threatens to win with ...Nxd4.} 28. Qd2 Ne4 (28... Rxb1+ $16 29. Rxb1 Ne4) 29. Bxe4 $18 dxe4 (29... Rxe4 {was called for.} 30. Rac1 Ne7) 30. Rac1 Nb4 31. Bf4 (31. Rxc7 Nd5 $18) 31... Qf8 32. Bxc7 Nd3 33. Bxb8 Rxb8 34. Rc6 (34. Qa2+ Kh8 35. R1c4 e3 $18) 34... Nxc1 35. Qxc1 {[%emt 0:00:06][%mdl 4096] Endgame aiming for a5. KQR-KQR} a5 36. Qc2 Qb4 37. Rc8+ (37. Qxe4 $6 Qb1+ 38. Qxb1 Rxb1+ 39. Kh2 Rb4 $16) 37... Rxc8 38. Qxc8+ {[%emt 0:00:03] KQ-KQ} Kf7 39. Qf5+ Kg8 40. Qb5 (40. Qxe4 $6 Qxa4 41. Qe6+ Kf8 $16) (40. d5 $18 {is more deadly.} Qb1+ 41. Kh2 Qb8+ 42. g3) 40... Kf7 (40... Kf8 $16 41. Qf5+ Kg8 42. Qe6+ (42. Qxe4 Qxa4 43. Qd5+ Kf8 $16) 42... Kf8 43. Qf5+ (43. Qxe4 Qxa4 44. Qf5+ Ke7 $16) 43... Kg8) 41. Qd7+ Kf8 42. g3 (42. Kh2 $18) 42... e3 (42... g6 $16) 43. Qf5+ (43. fxe3 Qe1+ 44. Kh2 Qf2+ 45. Kh1 Qe1+ 46. Kh2 Qf2+ 47. Kh1 Qe1+ 48. Kh2 $11) 43... Kg8 44. Qd5+ (44. fxe3 $6 Qxa4 45. Qe6+ Kf8 $16) 44... Kf8 {[%emt 0:00:08] [#] White must now prevent ...Qe1+.} 45. Qf3+ $1 (45. fxe3 Qe1+ 46. Kh2 Qf2+ 47. Qg2 Qxe3 $14) 45... Kg8 46. Qxe3 ({Don't play} 46. fxe3 $6 Qb1+ 47. Qf1 Qb3 $16) 46... Qxa4 47. Qe6+ Kf8 {[%emt 0:00:28] [#]} 48. d5 $1 {[%emt 0:00:03] Hoping for d6.} Qe8 49. Qf5+ Ke7 50. Qe4+ ({Resist} 50. Qxh7 Kd6 51. Qxg7 Qe1+ 52. Kg2 Qe4+ 53. Kh2 a4 54. Qf8+ Kxd5) 50... Kd8 51. Qf4 (51. Qxh7 $18 {has better winning chances. Strongly threatening Qh4+.} Qe5 52. Qh4+ Qf6 53. Qe4) 51... Qe1+ $16 52. Kg2 Qb4 {[%emt 0:00:04] Inhibits Qd6+. And now ...Qxf4 would win.} 53. Qg5+ Kd7 $2 (53... Qe7 $16 54. Qf4 Qb4) 54. Qe5 $2 (54. Qxg7+ $18 {is the precise move to win.} Qe7 55. Qd4) 54... Qe7 55. Qd4 {[%emt 0:01:25] White is more active.} Qb4 {[%emt 0:00:06] Inhibits Qa4+.} (55... Kc8 $16 56. d6 Qd7) 56. Qxg7+ $18 Kd6 57. Qxh7 Kxd5 (57... Qd4 {might work better.} 58. Qg6+ Kxd5 59. Qf5+ Qe5 60. Qd7+ (60. Qxe5+ $2 Kxe5 61. Kh2 a4 $19) 60... Kc4 61. Qa4+ Kd3 62. Qa3+ Kd2 63. Qa2+ Kd3 64. Qa3+ Kd2 65. Qa2+ Kd3) 58. Qf5+ Kc4 59. h4 a4 60. h5 {[%emt 0:00:02] Qe4+ would kill now.} Qd2 $2 (60... Qd6 $18 61. Qc2+ Kb4 62. Qb2+ Ka5 63. Qc3+ Kb5) 61. Qe6+ {[%emt 0:00:39] White mates.} Kb4 62. h6 a3 63. h7 Qc3 64. Qe4+ Kb3 65. Qf3 Qd3 66. Qxd3+ Ka2 67. Qc2+ {[%emt 0:00:02] Weighted Error Value: White=0.17 (very precise) /Black=0.40} 1-0